TOP OF THE 1ST |
St. Louis Cardinals batting - Pitching for Philadelphia Phillies : LHP Thomas Szapucki
|
Pitching: LHP Thomas Szapucki
|
|
Batting: RHB Adolis Garcia
|
0-0: Ball 1-0: Foul Ball, location: 2F 1-1: Foul Ball, location: 5DF 1-2: Ball 2-2: Fly out, F5 (Line Drive, 5L, EV 67.5 MPH)
|
Batting: RHB Brendan Rodgers
|
0-0: Fly out, F8 (Flyball, 89D, EV 75.6 MPH)
|
Batting: RHB Alex Bregman
|
0-0: Foul Ball, location: 2F 0-1: Foul Ball, location: 3F 0-2: Fly out, F7 (Line Drive, 7S, EV 98.8 MPH)
|
Top of the 1st over - 0 runs, 0 hits, 0 errors, 0 left on base; St. Louis 0 - Philadelphia 0 |
BOTTOM OF THE 1ST |
Philadelphia Phillies batting - Pitching for St. Louis Cardinals : RHP Gavin Williams
|
Pitching: RHP Gavin Williams
|
|
Batting: LHB Brian Miller
|
0-0: Foul Ball, location: 2F 0-1: Ball 1-1: Ground out 6-3 (Groundball, 56D, EV 106.9 MPH)
|
Batting: LHB Vimael Machin
|
0-0: Ball 1-0: Called Strike 1-1: Foul Ball, location: 2F 1-2: Foul Ball, location: 7LDF 1-2: Foul Ball, location: 7LDF 1-2: Ball 2-2: Ball 3-2: Foul Ball, location: 25F 3-2: Strikes out swinging
|
Batting: RHB Justin Turner
|
0-0: Swinging Strike 0-1: Ball 1-1: Foul Ball, location: 2F 1-2: Ball 2-2: Foul Ball, location: 5F 2-2: Fly out, F7 (Flyball, 7S, EV 89.4 MPH)
|
Bottom of the 1st over - 0 runs, 0 hits, 0 errors, 0 left on base; St. Louis 0 - Philadelphia 0 |
TOP OF THE 2ND |
St. Louis Cardinals batting - Pitching for Philadelphia Phillies : LHP Thomas Szapucki
|
Batting: LHB Juan Soto
|
0-0: Foul Ball, location: 2F 0-1: Ball 1-1: Ball 2-1: Foul Ball, location: 5F 2-2: Ball 3-2: Ground out 4-3 (Groundball, 4S, EV 75.0 MPH)
|
Batting: RHB Taylor Ward
|
0-0: Called Strike 0-1: Ball 1-1: Foul Ball, location: 2F 1-2: Ball 2-2: Ball 3-2: Strikes out swinging
|
Batting: LHB Lars Nootbaar
|
0-0: Hit by Pitch
|
Batting: SHB Ozzie Albies
|
0-0: Called Strike 0-1: Ball 1-1: Ball 2-1: Ball 3-1: Fly out, F7 (Flyball, 7, EV 90.0 MPH)
|
Top of the 2nd over - 0 runs, 0 hits, 0 errors, 1 left on base; St. Louis 0 - Philadelphia 0 |
BOTTOM OF THE 2ND |
Philadelphia Phillies batting - Pitching for St. Louis Cardinals : RHP Gavin Williams
|
Batting: SHB Michael Toglia
|
0-0: Ball 1-0: Called Strike 1-1: Foul Ball, location: 2F 1-2: Ball 2-2: Ball 3-2: Foul Ball, location: 7LDF 3-2: Base on Balls
|
Batting: RHB AJ Pollock
|
0-0: Ball 1-0: Foul Ball, location: 2LF 1-1: Called Strike 1-2: Strikes out swinging
|
Batting: LHB Adam Haseley
|
0-0: Ball 1-0: DOUBLE (Line Drive, 89D, EV 105.6 MPH) Michael Toglia to third Runner from 3rd tries for Home, SAFE, throw by CF to trailing runner, OUT at third! 8-3-5
|
Batting: RHB Jake Hager
|
0-0: Ball 1-0: Ground out 5-3 (Groundball, 56, EV 87.5 MPH)
|
Bottom of the 2nd over - 1 run, 1 hit, 0 errors, 0 left on base; St. Louis 0 - Philadelphia 1 |
TOP OF THE 3RD |
St. Louis Cardinals batting - Pitching for Philadelphia Phillies : LHP Thomas Szapucki
|
Batting: LHB Austin Meadows
|
0-0: Called Strike 0-1: Ball 1-1: Foul Ball, location: 2F 1-2: Strikes out swinging
|
Batting: RHB Luis Urias
|
0-0: Ground out 6-3 (Groundball, 6, EV 103.1 MPH)
|
Batting: RHB Adolis Garcia
|
0-0: Called Strike 0-1: Ball 1-1: Foul Ball, location: 2F 1-2: Strikes out looking
|
Top of the 3rd over - 0 runs, 0 hits, 0 errors, 0 left on base; St. Louis 0 - Philadelphia 1 |
BOTTOM OF THE 3RD |
Philadelphia Phillies batting - Pitching for St. Louis Cardinals : RHP Gavin Williams
|
Batting: RHB Ali Sanchez
|
0-0: DOUBLE (Line Drive, 78D, EV 106.3 MPH)
|
Batting: RHB Oscar Mercado
|
0-0: Called Strike 0-1: Ball 1-1: Ball 2-1: Called Strike 2-2: Strikes out looking
|
Batting: LHB Brian Miller
|
0-0: SINGLE (Line Drive, 4MD, EV 101.9 MPH) Ali Sanchez to third Runner from 3rd tries for Home, SAFE, throw by CF to home
|
Batting: LHB Vimael Machin
|
0-0: Called Strike 0-1: Called Strike 0-2: Strikes out swinging
|
Batting: RHB Justin Turner
|
0-0: Swinging Strike 0-1: Ball 1-1: Foul Ball, location: 9LMF 1-2: SINGLE (Groundball, 4MD, EV 103.1 MPH) Brian Miller to second
|
Batting: SHB Michael Toglia
|
0-0: Called Strike 0-1: Fly out, F9 (Flyball, 9S, EV 88.1 MPH)
|
Bottom of the 3rd over - 1 run, 3 hits, 0 errors, 2 left on base; St. Louis 0 - Philadelphia 2 |
TOP OF THE 4TH |
St. Louis Cardinals batting - Pitching for Philadelphia Phillies : LHP Thomas Szapucki
|
Batting: RHB Brendan Rodgers
|
0-0: Ball 1-0: Foul Ball, location: 2F 1-1: Foul Ball, location: 5F 1-2: Ball 2-2: Foul Ball, location: 9LDF 2-2: Ball 3-2: Foul Ball, location: 2F 3-2: Fly out, F8 (Line Drive, 8LD, EV 110.0 MPH)
|
Batting: RHB Alex Bregman
|
0-0: Ground out 6-3 (Groundball, 6, EV 106.3 MPH)
|
Batting: LHB Juan Soto
|
0-0: Ball 1-0: Foul Ball, location: 7LSF 1-1: Foul Ball, location: 2F 1-2: Ball 2-2: Strikes out looking
|
Top of the 4th over - 0 runs, 0 hits, 0 errors, 0 left on base; St. Louis 0 - Philadelphia 2 |
BOTTOM OF THE 4TH |
Philadelphia Phillies batting - Pitching for St. Louis Cardinals : RHP Gavin Williams
|
Batting: RHB AJ Pollock
|
0-0: Foul Ball, location: 23F 0-1: Called Strike 0-2: Foul Ball, location: 2F 0-2: Foul Ball, location: 2F 0-2: Ball 1-2: Ball 2-2: Foul Ball, location: 2F 2-2: Strikes out looking
|
Batting: LHB Adam Haseley
|
0-0: Fly out, F9 (Flyball, 89M, EV 83.8 MPH)
|
Batting: RHB Jake Hager
|
0-0: Ball 1-0: Ball 2-0: Ball 3-0: Called Strike 3-1: Foul Ball, location: 5F 3-2: Base on Balls
|
Pitching: RHP Ryan Tepera
|
|
Batting: RHB Ali Sanchez
|
0-0: Ball 1-0: Swinging Strike 1-1: Foul Ball, location: 2F 1-2: Foul Ball, location: 9LDF 1-2: Foul Ball, location: 5F 1-2: Ball 2-2: Strikes out swinging
|
Bottom of the 4th over - 0 runs, 0 hits, 0 errors, 1 left on base; St. Louis 0 - Philadelphia 2 |
TOP OF THE 5TH |
St. Louis Cardinals batting - Pitching for Philadelphia Phillies : LHP Thomas Szapucki
|
Now at C: Tres Barrera
|
|
Batting: RHB Taylor Ward
|
0-0: SINGLE (Groundball, 34D, EV 107.5 MPH)
|
Batting: LHB Lars Nootbaar
|
0-0: Foul Ball, location: 3F 0-1: Foul Ball, location: 25F 0-2: Foul Ball, location: 3F 0-2: Ball 1-2: Ball 2-2: Ball 3-2: Foul Ball, location: 7LMF 3-2: Foul Ball, location: 2F 3-2: Foul Ball, location: 2F 3-2: Ground out 6-3 (Groundball, 4S, EV 68.8 MPH) Taylor Ward to second
|
Batting: SHB Ozzie Albies
|
0-0: Ball 1-0: SINGLE (Line Drive, 9LS, EV 104.4 MPH) Taylor Ward to third Runner from 3rd tries for Home, SAFE, throw by RF to home
|
Batting: LHB Austin Meadows
|
0-0: Ball 1-0: Grounds into double play, 4-6-3 (Groundball, 4, EV 101.3 MPH)
|
Top of the 5th over - 1 run, 2 hits, 0 errors, 0 left on base; St. Louis 1 - Philadelphia 2 |
BOTTOM OF THE 5TH |
Philadelphia Phillies batting - Pitching for St. Louis Cardinals : RHP Ryan Tepera
|
Pitching: LHP Justin Bruihl
|
|
Now at 2B: Brandon Drury
|
|
Now at 3B: Nick Senzel
|
|
Now in LF: Richie Palacios
|
|
Batting: RHB Oscar Mercado
|
0-0: Called Strike 0-1: Fly out, F7 (Line Drive, 78M, EV 92.5 MPH)
|
Batting: LHB Brian Miller
|
0-0: Ground out 4-3 (Groundball, 4S, EV 74.4 MPH)
|
Batting: LHB Vimael Machin
|
0-0: Called Strike 0-1: SINGLE (Line Drive, 9S, EV 101.9 MPH)
|
Batting: RHB Justin Turner
|
0-0: Called Strike 0-1: DOUBLE (Groundball, 5L, EV 93.8 MPH) Vimael Machin to third
|
Batting: SHB Michael Toglia
|
0-0: Ball 1-0: Ball 2-0: Ball 3-0: Base on Balls
|
Batting: SHB Victor Reyes
|
0-0: Ball 1-0: Called Strike 1-1: Ball 2-1: Ball 3-1: Called Strike 3-2: Strikes out swinging
|
Bottom of the 5th over - 0 runs, 2 hits, 0 errors, 3 left on base; St. Louis 1 - Philadelphia 2 |
TOP OF THE 6TH |
St. Louis Cardinals batting - Pitching for Philadelphia Phillies : LHP Thomas Szapucki
|
Pitching: LHP Brett Martin
|
|
Batting: RHB Luis Urias
|
0-0: Fly out, F8 (Line Drive, 8RM, EV 95.0 MPH)
|
Batting: RHB Adolis Garcia
|
0-0: Fly out, F9 (Flyball, 89M, EV 91.9 MPH)
|
Batting: RHB Brendan Rodgers
|
0-0: Called Strike 0-1: Ball 1-1: Ball 2-1: Ground out 6-3 (Groundball, 56, EV 104.4 MPH)
|
Top of the 6th over - 0 runs, 0 hits, 0 errors, 0 left on base; St. Louis 1 - Philadelphia 2 |
BOTTOM OF THE 6TH |
Philadelphia Phillies batting - Pitching for St. Louis Cardinals : LHP Justin Bruihl
|
Pitching: RHP Trevor Brigden
|
|
Now at 1B: Freddy Fermin
|
|
Batting: LHB Adam Haseley
|
0-0: Ball 1-0: Ball 2-0: SOLO HOME RUN (Flyball, 9LD, EV 96.3 MPH), Distance : 346 ft
|
Batting: RHB Jake Hager
|
0-0: Called Strike 0-1: Fly out, F8 (Flyball, 8RM, EV 93.1 MPH)
|
Batting: RHB Tres Barrera
|
0-0: Called Strike 0-1: Ball 1-1: Foul Ball, location: 7LSF 1-2: Ground out U3 (Groundball, 34, EV 97.5 MPH)
|
Batting: RHB Oscar Mercado
|
0-0: Ball 1-0: Called Strike 1-1: Ball 2-1: Called Strike 2-2: Ball 3-2: SINGLE (Line Drive, 56D, EV 100.6 MPH)
|
Batting: LHB Brian Miller
|
0-0: Foul Ball, location: 3SF 0-1: Hit by Pitch Oscar Mercado to second
|
Batting: LHB Vimael Machin
|
0-0: Called Strike 0-1: Ground out U3 (Groundball, 3L, EV 109.4 MPH)
|
Bottom of the 6th over - 1 run, 2 hits, 0 errors, 2 left on base; St. Louis 1 - Philadelphia 3 |
TOP OF THE 7TH |
St. Louis Cardinals batting - Pitching for Philadelphia Phillies : LHP Brett Martin
|
Batting: RHB Nick Senzel
|
0-0: Called Strike 0-1: Swinging Strike 0-2: Foul Ball, location: 9LMF 0-2: Strikes out looking
|
Batting: RHB Brandon Drury
|
0-0: Ground out 6-3 (Groundball, 6, EV 75.6 MPH)
|
Batting: RHB Taylor Ward
|
0-0: Fly out, F7 (Line Drive, 78M, EV 92.5 MPH)
|
Top of the 7th over - 0 runs, 0 hits, 0 errors, 0 left on base; St. Louis 1 - Philadelphia 3 |
BOTTOM OF THE 7TH |
Philadelphia Phillies batting - Pitching for St. Louis Cardinals : RHP Trevor Brigden
|
Pitching: RHP Trevor Gott
|
|
Now at C: Jacob Stallings
|
|
Batting: RHB Justin Turner
|
0-0: Ball 1-0: Ball 2-0: Called Strike 2-1: Foul Ball, location: 5F 2-2: Ball 3-2: Fly out, F8 (Flyball, 8LXD, EV 101.9 MPH)
|
Batting: SHB Michael Toglia
|
0-0: Ball 1-0: Ball 2-0: Ball 3-0: Base on Balls
|
Batting: SHB Victor Reyes
|
0-0: SINGLE (Groundball, 56D, EV 93.8 MPH) Michael Toglia to second
|
Batting: LHB Adam Haseley
|
0-0: Ball 1-0: Fly out, F9 (Flyball, 9, EV 71.9 MPH)
|
Batting: RHB Jake Hager
|
0-0: Ball 1-0: Ball 2-0: Called Strike 2-1: Foul Ball, location: 9LMF 2-2: Ball 3-2: Fly out, F9 (Flyball, 89S, EV 94.4 MPH)
|
Bottom of the 7th over - 0 runs, 1 hit, 0 errors, 2 left on base; St. Louis 1 - Philadelphia 3 |
TOP OF THE 8TH |
St. Louis Cardinals batting - Pitching for Philadelphia Phillies : LHP Brett Martin
|
Pitching: RHP Enyel De Los Santos
|
|
Batting: RHB Freddy Fermin
|
0-0: Ball 1-0: Ball 2-0: Foul Ball, location: 5F 2-1: Swinging Strike 2-2: Strikes out looking
|
Batting: LHB Richie Palacios
|
0-0: Ball 1-0: Called Strike 1-1: Ball 2-1: Ball 3-1: Called Strike 3-2: Strikes out swinging
|
Batting: LHB Austin Meadows
|
0-0: Foul Ball, location: 25F 0-1: Swinging Strike 0-2: Strikes out swinging
|
Top of the 8th over - 0 runs, 0 hits, 0 errors, 0 left on base; St. Louis 1 - Philadelphia 3 |
BOTTOM OF THE 8TH |
Philadelphia Phillies batting - Pitching for St. Louis Cardinals : RHP Trevor Gott
|
Pitching: RHP Scott Effross
|
|
Batting: RHB Tres Barrera
|
0-0: Fly out, F7 (Line Drive, 7, EV 91.9 MPH)
|
Batting: RHB Oscar Mercado
|
0-0: Ground out 4-3 (Groundball, 4, EV 98.1 MPH)
|
Batting: LHB Brian Miller
|
0-0: Ball 1-0: Foul Ball, location: 23F 1-1: Hit by Pitch
|
Batting: LHB Vimael Machin
|
0-0: Foul Ball, location: 7LMF 0-1: Called Strike 0-2: Ball 1-2: Ball 2-2: Foul Ball, location: 3DF 2-2: Foul Ball, location: 7LDF 2-2: Ball 3-2: Ground out 5-3 (Groundball, 5D, EV 100.6 MPH)
|
Bottom of the 8th over - 0 runs, 0 hits, 0 errors, 1 left on base; St. Louis 1 - Philadelphia 3 |
TOP OF THE 9TH |
St. Louis Cardinals batting - Pitching for Philadelphia Phillies : RHP Enyel De Los Santos
|
Pitching: RHP Jeremiah Estrada
|
|
Batting: RHB Luis Urias
|
0-0: Swinging Strike 0-1: Ball 1-1: Ground out 6-3 (Groundball, 6MS, EV 79.4 MPH)
|
Batting: RHB Adolis Garcia
|
0-0: Foul Ball, location: 5F 0-1: Ball 1-1: Ball 2-1: SINGLE (Groundball, 5S, EV 70.6 MPH) (infield hit)
|
Batting: RHB Brendan Rodgers
|
0-0: Called Strike 0-1: Foul Ball, location: 23F 0-2: Ball 1-2: Foul Ball, location: 3F 1-2: Ball 2-2: Ball 3-2: Foul Ball, location: 9LDF 3-2: DOUBLE (Line Drive, 89XD, EV 107.5 MPH) Adolis Garcia to third
|
Batting: RHB Nick Senzel
|
0-0: Ball 1-0: Called Strike 1-1: Ball 2-1: Ball 3-1: Called Strike 3-2: Strikes out swinging
|
Batting: RHB Brandon Drury
|
0-0: Ball 1-0: Ball 2-0: Ball 3-0: Called Strike 3-1: Called Strike 3-2: Base on Balls
|
Pitching: LHP Joely Rodriguez
|
|
Batting: RHB Jacob Stallings
|
0-0: Foul Ball, location: 7LSF 0-1: Foul Ball, location: 3DF 0-2: Strikes out swinging
|
Top of the 9th over - 0 runs, 2 hits, 0 errors, 3 left on base; St. Louis 1 - Philadelphia 3 |
|